 Dungeon Crawl Stone Soup version 0.22-a0-897-g1b7a381375 (webtiles) character file.

24 Ireaine the Chopper (level 2, -7/27 HPs)
             Began as a Minotaur Berserker on July 31, 2018.
             Was a Follower of Trog.
             Mangled by a kobold
             ... wielding a +2 dagger of electrocution
              (20 damage)
             ... on level 2 of the Dungeon.
             The game lasted 00:03:39 (1096 turns).

Ireaine the Chopper (Minotaur Berserker)            Turns: 1096, Time: 00:03:40

Health: -7/27      AC:  4    Str: 21    XL:     2   Next: 79%
Magic:  1/1        EV: 12    Int:  4    God:    Trog [*.....]
Gold:   27         SH:  0    Dex:  9    Spells: 1/1 levels left

rFire    . . .     SeeInvis .   a - +0 hand axe
rCold    . . .     Gourm    .   (no shield)
rNeg     . . .     Faith    .   g - +0 leather armour
rPois    .         Spirit   .   (helmet restricted)
rElec    .         Reflect  .   (no cloak)
rCorr    .         Harm     .   h - +0 pair of gloves
MR       .....                  (no boots)
Stlth    +.........             (no amulet)
HPRegen  0.09/turn              (no ring)
MPRegen  0.07/turn              (no ring)

@: no status effects
A: retaliatory headbutt, horns 2
a: Berserk, Renounce Religion


You were on level 2 of the Dungeon.
You worshipped Trog.
Trog was aware of your devotion.
You were not hungry.

You visited 1 branch of the dungeon, and saw 2 of its levels.

You collected 27 gold pieces.

Inventory:

Hand Weapons
 a - a +0 hand axe (weapon)
Armour
 g - a +0 leather armour (worn)
 h - a +0 pair of gloves (worn)
Potions
 d - 3 potions of curing {unknown}
 f - a potion of lignification
 i - a potion of berserk rage
Comestibles
 c - 2 rations


   Skills:
 + Level 3.9 Fighting
 * Level 4.2 Axes
 + Level 2.8 Armour
 + Level 2.5 Dodging


You had one spell level left.
You didn't know any spells.
Your spell library was empty.

Dungeon Overview and Level Annotations

Branches:
Dungeon (2/15)

Altars:


Innate Abilities, Weirdness & Mutations

You reflexively headbutt those who attack you in melee.
You have a pair of horns on your head.


Message History

The giant cockroach closely misses you. You furiously retaliate!
You headbutt the giant cockroach. You slash the giant cockroach!
You kill the giant cockroach!
Trog accepts your kill.
No target in view!
d - 2 purple potions (gained 1)
d - 3 purple potions (gained 1)
c - 2 rations (gained 1)
A bat and a kobold come into view.
The kobold is wielding a dagger of electrocution.
The kobold throws a stone.
The stone closely misses you.
The kobold hits you with a dagger of electrocution.
You are electrocuted!
You hit the kobold.
The kobold is moderately wounded.
The kobold hits you with a dagger of electrocution.
You are electrocuted!
Ouch! That really hurt!
You die...

..... ....
............. ....
............. .....
............ .....
#.##.......
......#b#......#
......#K#......#
.......@.......#
...##.#.##.....###
..........>......##
###........<......#
#.......[.......#≈≈
#..............≈≈≈≈
#............≈.≈≈≈≈
..............PP≈≈≈≈
.#...#......≈.≈P≈≈≈.


You could see a bat and a kobold.

Vanquished Creatures
  A leopard gecko (D:1)
  4 bats (D:1)
  4 giant cockroaches
  A goblin (D:1)
  A hobgoblin (D:1)
  A ball python (D:1)
  A frilled lizard (D:1)
  3 kobolds (D:1)
  6 rats
  A plant (D:1)
23 creatures vanquished.

Notes
Turn   | Place    | Note
-------+----------+-------------------------------------------
     0 | D:1      | Ireaine the Minotaur Berserker began the quest for the Orb.
     0 | D:1      | Reached XP level 1. HP: 19/19 MP: 0/0
   147 | D:1      | Reached XP level 2. HP: 27/27 MP: 1/1
   152 | D:1      | Reached skill level 4 in Axes
  1096 | D:2      | Mangled by a kobold

Vault maps used:
D:1:      kilobyte_arrival_exit_the_forest, serial_bayou, serial_bayou_lake_a,
          serial_bayou_ford_a, serial_bayou_crossing, serial_bayou_pond_b,
          minmay_misc_feat_iff
D:2:      chequers_big_river

Skill      XL: |  1  2 |
---------------+-------+-----
Axes           | 4 |  4.2
Fighting       | |  3.9
Armour         | |  2.8
Dodging        | |  2.5

Action                   || total
-------------------------++-------
Melee: Hand axe          ||    60
       Headbutt          ||     6
Invok: Berserk           ||     1
  Use: Scroll            ||     5
       Potion            ||     1
  Eat: Ration            ||     1
Armor: Animal skin       ||    16
       Leather armour    ||     9
Dodge: Dodged            ||    28

Table legend:
 A = Spawn XP
 B = Non-spawn XP
 C = Spawn XP percentage of total XP
 D = Spawn monster count
 E = Non-spawn monster count
 F = Spawn count percentage of total count
 G = Total turns spent on level
                    A         B        C        D         E        F      G
               +---------+---------+-------+---------+---------+-------+---------
         Total |       0 |      35 |   0.0 |       0 |      22 |   0.0 |  1096
               +---------+---------+-------+---------+---------+-------+---------
           D:1 |       0 |      32 |   0.0 |       0 |      20 |   0.0 |  1071
           D:2 |       0 |       3 |   0.0 |       0 |       2 |   0.0 |    25
               +---------+---------+-------+---------+---------+-------+---------
